 Dungeon Crawl Stone Soup version 0.30-a0-739-gea05faddec (webtiles) character file.

Game seed: 6615593916956841460

13 gelatine the Conjurer (level 2, 0/19 (23) HPs)
             Began as a Demonspawn Reaver on Feb 4, 2023.
             Slain by an endoplasm (3 damage)
             ... on level 1 of the Dungeon.
             The game lasted 00:00:51 (529 turns).

gelatine the Conjurer (Demonspawn Reaver)            Turns: 529, Time: 00:00:52

HP:   0/19 (23)     AC:  3    Str: 12    XL:     2   Next: 24%
MP:   5/5           EV: 11    Int: 14    God:
Gold: 30            SH:  0    Dex: 11    Spells: 4/5 levels left

rFire   . . .      SeeInvis .    a - +0 hand axe
rCold   . . .      Faith    .    (no shield)
rNeg    . . .      Spirit   .    b - +0 leather armour
rPois   .          Reflect  .    (no helmet)
rElec   .          Harm     .    (no cloak)
rCorr   .          Rampage  .    (no gloves)
Will    .....                    (no boots)
Stlth   +                        (no amulet)
HPRegen 0.23/turn                (no ring)
MPRegen 0.09/turn                (no ring)

@: heavily drained
A: demonic guardian 1
a: no special abilities


You were on level 1 of the Dungeon.
You visited 1 branch of the dungeon, and saw 1 of its levels.

You collected 30 gold pieces.

Inventory:

Hand Weapons
 a - a +0 hand axe (weapon)
Armour
 b - a +0 leather armour (worn)
Scrolls
 c - a scroll of fear {unknown}
 e - a scroll of fog {unknown}
 f - a scroll of amnesia {unknown}
 g - 2 scrolls of identify {unknown}
 j - a scroll of noise {unknown}
Potions
 d - a potion of degeneration {unknown}
 h - a potion of might {unknown}
 i - a potion of ambrosia {unknown}


   Skills:
 + Level 2.3 Fighting
 + Level 2.7 Axes
 + Level 0.4 Armour
 + Level 1.9 Dodging
 + Level 2.0 Spellcasting
 + Level 3.1 Conjurations


You had 4 spell levels left.
You knew the following spells:

 Your Spells              Type           Power      Damage    Failure   Level
a - Kiss of Death         Conj/Necr      20%        2d7       16%         1

Your spell library contained the following spells:

 Spells                   Type           Power      Damage    Failure   Level
 Momentum Strike          Conj/Tloc      10%        3d8       24%         2
 Hailstorm                Conj/Ice       5%         3d4       43%         3


Dungeon Overview and Level Annotations

Branches:
Dungeon (1/15)

Altars:


Innate Abilities, Weirdness & Mutations

A weak demonic guardian rushes to your aid.


Message History

You see here a smoky cyan potion.
The endoplasm quivers.
The endoplasm freezes you.
You are frozen.
You hit the endoplasm but do no damage.
You punch the endoplasm, but do no damage.
The endoplasm closely misses you.
You barely miss the endoplasm. The endoplasm freezes you.
You are frozen.
You slash the endoplasm!
You kill the endoplasm!
h - a murky ruby potion
i - a smoky cyan potion
j - a scroll labelled LIASHR HIURGH
g - 2 scrolls labelled WOUXZE YPHUW (gained 1)
You now have 30 gold pieces (gained 8).
Found a ring mail.
Found a barding.
A quokka and an endoplasm come into view.
The endoplasm quivers.
The quokka bites you but does no damage.
The endoplasm freezes you.
You are frozen.
You closely miss the quokka. You hit the endoplasm but do no damage.
The quokka closely misses you. The endoplasm freezes you.
You are frozen.
The quokka barely misses you.
You closely miss the quokka. You hit the endoplasm.
The endoplasm completely misses you.
The quokka twitches its whiskers.
The quokka bites you.
You hit the endoplasm.
The endoplasm is severely wounded.
You closely miss the quokka. The quokka bites you. The endoplasm hits you.
The quokka bites you.
* * * LOW HITPOINT WARNING * * *
A demonic guardian appears!
The endoplasm hits you.
You die...

### ....... #######
#[.....
......######.##
#.###..
######.J........#
#...... ......r.@..#
#..# #..##..
.#####..##.#
#..###..##.# #.5##.#
#.[#......## #..##.#
#..#.#.....#
#..##.###...........
#...............####
#.##.#####.#.#### #
#.##.# ###.#.# #
#.##.###.....# #


You could see an endoplasm, a quokka (ally target) and a friendly quasit
(summoned).

Vanquished Creatures
  An endoplasm (D:1)
  A giant cockroach (D:1)
  2 hobgoblins (D:1)
  A quokka (D:1)
  4 frilled lizards (D:1)
  3 kobolds (D:1)
  A rat (D:1)
13 creatures vanquished.

Notes
Turn   | Place    | Note
-------+----------+-------------------------------------------
     0 | D:1      | gelatine the Demonspawn Reaver began the quest for the Orb.
     0 | D:1      | Reached XP level 1. HP: 16/16 MP: 3/3
   254 | D:1      | Gained mutation: A weak demonic guardian rushes to your
                  | aid. [demonic ancestry]
   254 | D:1      | Reached XP level 2. HP: 8/18 MP: 5/5
   529 | D:1      | Slain by an endoplasm

Illustrated notes

Levels and vault maps discovered:
D:1:      co_arrival_random_square_maze, layout_loops_ring

Action                     || total
---------------------------++-------
  Melee: Hand axe          ||    66
         Punch             ||     1
   Cast: Kiss of Death     ||     1
 Armour: Leather armour    ||    19
  Dodge: Dodged            ||    37

Table legend: (Time is in decaauts)
 A = Elapsed time spent in this place.
 B = Non-inter-level travel time spent in this place.
 C = Inter-level travel time spent in this place.
 D = Time resting spent in this place.
 E = Time spent auto-exploring this place.
 F = Levels seen in this place.
 G = Mean time per level.
                   A        B        C        D        E       F      G
               +--------+--------+--------+--------+--------+-----+--------+
         Total |    539 |    539 |      0 |      0 |    402 |   1 |  539.0 |
       Dungeon |    539 |    539 |      0 |      0 |    402 |   1 |  539.0 |
               +--------+--------+--------+--------+--------+-----+--------+

Top non-repeatable levels by time:
     D:1: 539 daAuts
